 Dungeon Crawl Stone Soup version 0.20.0-7-g3b7b877 (webtiles) character file.

1929 smedtjen the Chopper (level 8, 0/63 HPs)
             Began as a Demonspawn Abyssal Knight on May 29, 2017.
             Was an Elder of Lugonu.
             Shot with a sling bullet by Joseph (13 damage)
             ... on level 7 of the Dungeon.
             The game lasted 00:19:35 (7304 turns).

smedtjen the Chopper (Demonspawn Abyssal Knight)    Turns: 7304, Time: 00:19:35

Health: 0/63       AC: 13    Str: 14    XL:     8   Next: 97%
Magic:  9/9        EV:  7    Int: 13    God:    Lugonu [****..]
Gold:   154        SH:  0    Dex: 18    Spells: 7/7 levels left

rFire    . . .     SeeInvis .   A - +4 flail
rCold    . . .     Gourm    .   (no shield)
rNeg     . . .     Faith    .   s - +0 chain mail
rPois    +         Spirit   .   x - +1 hat
rElec    .         Reflect  .   w - +0 cloak
rCorr    .         Harm     .   i - +0 pair of gloves
MR       .....                  (boots unavailable)
Stlth    ..........             (no amulet)
Regen    0.2/turn               n - ring of poison resistance
MPRegen  0.2/turn               o - +3 ring of slaying

@: drained
A: hooves 3, thin skeletal structure 2
a: Depart the Abyss, Bend Space, Banish, Corrupt, Renounce Religion


You were on level 7 of the Dungeon.
You worshipped Lugonu.
Lugonu was greatly pleased with you.
You were not hungry.

You visited 1 branch of the dungeon, and saw 7 of its levels.
You visited the Abyss 1 time.
You also visited: Sewer.

You collected 154 gold pieces.

Inventory:

Hand Weapons
 a - a +1 hand axe
 u - a +0 arbalest
 A - a +4 flail (weapon)
 E - a +0 scythe
 F - a +2 antimagic falchion
 G - a +0 long sword
 H - a +3 morningstar
Missiles
 d - 110 arrows
Armour
 b - a +0 leather armour
 i - a +0 pair of gloves (worn)
 p - a +0 scale mail
 s - a +0 chain mail (worn)
 w - a +0 cloak (worn)
 x - a +1 hat (worn)
 I - a +0 chain mail
Jewellery
 n - a ring of poison resistance (left hand)
 o - a +3 ring of slaying (right hand)
Wands
 D - a wand of flame (27/48)
Scrolls
 h - a scroll of identify
 j - 2 scrolls of remove curse
 q - 2 scrolls of recharging
 r - 3 scrolls of teleportation
 y - a scroll of magic mapping {unknown}
 B - a scroll of fear {unknown}
Potions
 e - 5 potions of curing
 f - 2 potions of haste {unknown}
 g - 4 potions of flight {unknown}
 k - 3 potions of agility {unknown}
 l - 4 potions of heal wounds {unknown}
 m - a potion of brilliance {unknown}
 t - 4 potions of mutation {unknown}
 v - a potion of degeneration {unknown}
Books
 K - a book of Cantrips

   Spells                             Type                      Level
   a - Confusing Touch                Hexes                        1
   b - Animate Skeleton               Necromancy                   1
   c - Summon Small Mammal            Summoning                    1
   d - Apportation                    Translocation                1
Comestibles
 c - 4 fruits
 z - 3 royal jellies
 C - 2 bread rations


   Skills:
 + Level 5.5(4.9) Fighting
 + Level 2.5(1.9) Long Blades
 + Level 7.5(6.9) Axes
 + Level 0.8(4.1) Maces & Flails
 + Level 5.6(5.0) Armour
 + Level 1.7(1.2) Dodging
 + Level 0.2(0.0) Stealth
 + Level 2.6(2.1) Invocations


You had 7 spell levels left.
You didn't know any spells.

Dungeon Overview and Level Annotations

Branches:
Dungeon (7/15)             Temple (0/1) D:5

Altars:
Hepliaklqana

Shops:
D:6 (:!%

Annotations:
D:7 Joseph


Innate Abilities, Weirdness & Mutations

You have hooves in place of feet.
You have a moderately thin skeletal structure. (Dex +4, Stealth+)


Message History

The quasit claws you.
The quasit claws you but does no damage.
The quasit bites you but does no damage.
The quasit barely misses you.
The quasit claws you but does no damage.
You miss the quasit.
Joseph shoots a sling bullet.
The sling bullet hits you!!
The quasit bites you but does no damage.
The quasit claws you but does no damage.
The quasit claws you.
Joseph shoots a sling bullet.
The sling bullet hits you!
* * * LOW HITPOINT WARNING * * *
You hit the quasit.
The quasit is moderately wounded.
The quasit barely misses you.
The quasit claws you but does no damage.
The quasit claws you.
* * * LOW HITPOINT WARNING * * *
The quasit bites you but does no damage.
The quasit claws you but does no damage. x2
Joseph shoots a sling bullet.
The sling bullet hits you!
You die...

#. ##.# #. .#.##
##. #.....
..##....## #
...$..@.# # #.
#.......#
###.#.####<......#
.................#
#......@5......#
###...(........#
#.####.......# #.
#####..#.. # ..# #
... #.# .#


You could see Joseph and a quasit.

Vanquished Creatures
  The ghost of Hasart the Skirmisher, a novice OpFi (D:4)
  Sigmund (D:5)
  A black bear (D:6)
  2 phantoms
  2 centaurs (D:6)
  A big kobold (Sewer)
  2 scorpions
  The ghost of StylePro the Charmwright, a weakling BaSk (D:3)
  A howler monkey (D:3)
  3 wights (D:6)
  A crimson imp (D:6)
  A centaur zombie (D:5)
  4 hounds
  An orc wizard (D:6)
  A centaur skeleton (D:4)
  3 iguanas (D:6)
  5 worker ants
  Terence (D:2)
  A hound skeleton (D:4)
  A worker ant zombie (D:5)
  10 adders
  A river rat (Sewer)
  An ooze (D:2)
  2 worms
  3 dart slugs
  5 leopard geckos
  8 orcs
  8 bats
  6 giant cockroaches
  8 goblins
  9 hobgoblins
  16 jackals
  3 quokkas
  A ball python (D:1)
  3 frilled lizards (D:3)
  13 kobolds
  A leopard gecko zombie (D:6)
  A quokka skeleton (D:5)
  13 rats
146 creatures vanquished.

Notes
Turn   | Place    | Note
-------+----------+-------------------------------------------
     0 | Abyss:1  | smedtjen the Demonspawn Abyssal Knight began the quest for the Orb.
     0 | Abyss:1  | Reached XP level 1. HP: 18/18 MP: 2/2
     6 | Abyss:1  | Found a corrupted altar of Lugonu.
    96 | D:1      | Escaped the Abyss
   205 | D:1      | Gained mutation: You have large cloven feet. [demonic ancestry]
   205 | D:1      | Reached XP level 2. HP: 15/24 MP: 3/3
   223 | D:1      | Reached * piety under Lugonu
   223 | D:1      | Reached skill level 2 in Axes
  1109 | D:1      | Reached skill level 1 in Dodging
  1377 | D:1      | Gained mutation: You have a somewhat thin skeletal structure. (Dex +2, Stealth) [demonic ancestry]
  1377 | D:1      | Reached XP level 3. HP: 29/29 MP: 4/4
  1829 | D:2      | Noticed Terence
  1856 | D:2      | Killed Terence
  2150 | D:2      | Reached ** piety under Lugonu
  2150 | D:2      | Reached XP level 4. HP: 29/36 MP: 5/5
  2264 | D:2      | Reached skill level 3 in Axes
  2606 | D:3      | Noticed StylePro's ghost (weakling BaSk)
  2626 | D:3      | Killed StylePro's ghost
  2626 | D:3      | Gained mutation: You have a moderately thin skeletal structure. (Dex +4, Stealth+) [demonic ancestry]
  2626 | D:3      | Reached XP level 5. HP: 35/42 MP: 6/6
  2930 | D:3      | Found a glowing drain.
  2941 | Sewer    | Entered a sewer
  3246 | Sewer    | Reached *** piety under Lugonu
  3272 | Sewer    | Reached skill level 4 in Axes
  3290 | Sewer    | Gained mutation: You have hoof-like feet. [demonic ancestry]
  3290 | Sewer    | Reached XP level 6. HP: 39/48 MP: 7/7
  3438 | Sewer    | Found a white marble altar of Elyvilon.
  4431 | D:4      | Noticed Hasart's ghost (novice OpFi)
  4838 | D:3      | Reached skill level 5 in Axes
  4900 | D:4      | Killed Hasart's ghost
  4900 | D:4      | Reached XP level 7. HP: 20/55 MP: 8/8
  5369 | D:5      | Entered Level 5 of the Dungeon
  5395 | D:5      | Found a staircase to the Ecumenical Temple.
  5469 | D:5      | Noticed Sigmund
  5476 | D:5      | Killed Sigmund
  5476 | D:5      | Reached skill level 6 in Axes
  5476 | D:5      | Gained mutation: You have hooves in place of feet. [demonic ancestry]
  5476 | D:5      | Reached XP level 8. HP: 49/61 MP: 9/9
  5607 | D:5      | Reached skill level 5 in Armour
  5673 | D:5      | Reached skill level 5 in Fighting
  6011 | D:6      | Reached skill level 7 in Axes
  6014 | D:6      | Found Maodenaywn's Food Shop.
  6308 | D:6      | Reached skill level 1 in Long Blades
  6794 | D:6      | Found Ydghink's Distillery.
  6855 | D:6      | Reached **** piety under Lugonu
  6996 | D:6      | Found Mieky's Book Emporium.
  7013 | D:6      | Found a hazy altar of Hepliaklqana.
  7019 | D:6      | Found Xoezuyfe's Weapon Emporium.
  7299 | D:7      | Noticed Joseph
  7304 | D:7      | Shot with a sling bullet by Joseph

Skill      XL: |  1  2  3  4  5  6  7  8 |
---------------+-------------------------+-----
Armour         | 2 4 5 |  5.6
Axes           | 2 3 4 5 6 7 |  7.5
Dodging        | 1 |  1.7
Fighting       | 4 5 |  5.5
Long Blades    | 2 |  2.5
Maces & Flails | |  0.8
Stealth        | |  0.2
Invocations    | |  2.6

Action                   |  1- 3 |  4- 6 |  7- 9 || total
-------------------------+-------+-------+-------++-------
Melee: Hand axe          |   119 |   306 |   112 ||   537
       Kick              |    18 |    70 |    63 ||   151
       Flail             |       |       |    50 ||    50
       Falchion          |       |       |    23 ||    23
Invok: Depart the Abyss  |     1 |       |       ||     1
  Use: Scroll            |     1 |     4 |     4 ||     9
  Eat: Bread ration      |     1 |     1 |       ||     2
       Chunk             |       |     4 |     7 ||    11
       Fruit             |       |       |     2 ||     2
Armor: Leather armour    |    36 |       |       ||    36
       Ring mail         |    27 |       |       ||    27
       Scale mail        |    22 |     7 |       ||    29
       Chain mail        |       |   193 |   131 ||   324
Dodge: Dodged            |    85 |   102 |    75 ||   262
       Rpst.: Falchion   |       |       |     4 ||     4
